 Dungeon Crawl Stone Soup version 0.28.0-43-g3370ac3207 (webtiles) character file.

Game seed: 3050537109788757546

1341 demenzo the Cleaver (level 8, 0/71 HPs)
             Began as a Minotaur Cinder Acolyte on Mar 13, 2022.
             Was a Priest of Ignis.
             Slain by Pikel
             ... wielding a +2 whip of flaming
              (9 damage)
             ... on level 5 of the Dungeon on Mar 14, 2022.
             The game lasted 00:10:50 (6615 turns).

demenzo the Cleaver (Minotaur Cinder Acolyte)       Turns: 6615, Time: 00:10:51

Health: 0/71       AC: 16    Str: 21    XL:     8   Next: 35%
Magic:  8/8        EV: 11    Int: 11    God:    Ignis [***...]
Gold:   280        SH:  0    Dex:  6    Spells: 9/9 levels left

rFire   + . .      SeeInvis .   b - +0 war axe
rCold   . . .      Faith    .   (no shield)
rNeg    . . .      Spirit   .   r - +0 ring mail {rPois}
rPois   +          Reflect  .   (helmet restricted)
rElec   .          Harm     .   l - +2 cloak
rCorr   .          Rampage  .   (no gloves)
Will    .....                   (no boots)
Stlth   ..........              (no amulet)
HPRegen 0.21/turn               (no ring)
MPRegen 0.11/turn               (no ring)

@: fiery-armoured
A: horns 2, retaliatory headbutt
a: Renounce Religion, Fiery Armour, Foxfire Swarm, Rising Flame


You were on level 5 of the Dungeon.
You worshipped Ignis.
Ignis was most pleased with you.
You visited 1 branch of the dungeon, and saw 5 of its levels.
You also visited: Sewer.

You collected 280 gold pieces.

Inventory:

Hand Weapons
 a - a -1 hand axe of flaming
 b - a +0 war axe (weapon)
Missiles
 e - 58 bolts
 f - 108 stones (quivered)
 j - 88 sling bullets
 m - 24 poisoned darts
Armour
 l - a +2 cloak (worn)
 n - a +0 scale mail
 o - a +0 robe of willpower
 r - a +0 ring mail of poison resistance (worn)
 s - a +0 chain mail
Scrolls
 c - a scroll of amnesia {unknown}
 d - a scroll of enchant weapon {unknown}
 i - 2 scrolls of identify
 q - a scroll of blinking {unknown}
Potions
 g - 5 potions of curing
 h - a potion of haste
 k - a potion of berserk rage
 p - a potion of attraction {unknown}
 t - a potion of heal wounds {unknown}


   Skills:
 + Level 6.5 Fighting
 * Level 8.5 Axes
 + Level 5.2 Armour
 + Level 4.7 Dodging
 - Level 1.0 Spellcasting
 - Level 2.1 Fire Magic


You had 9 spell levels left.
You didn't know any spells.
Your spell library contained the following spells:

 Spells                   Type           Power      Damage    Failure   Level
 Scorch                   Fire           10%        2d6       30%         2
 Magic Dart               Conj           0%         1d3       45%         1
 Call Imp                 Summ           0%         N/A       58%         2
 Mephitic Cloud           Conj/Pois/Air  0%         N/A       83%         3


Dungeon Overview and Level Annotations

Branches:
Dungeon (5/15)              Sewer (visited)
 Temple: D:4-7

Altars:
Xom

Shops:
D:1 [

Annotations:
D:4 2 transporters
D:5 Pikel


Innate Abilities, Weirdness & Mutations

You have a pair of horns on your head.
You reflexively headbutt those who attack you in melee.


Message History

You kill the lemure!
That felt strangely unrewarding.
Pikel misses you. The lemure hits you but does no damage.
The lemure is burned by your cloak of flames.
The lemure is almost dead.
The lemure hits you.
* * * LOW HITPOINT WARNING * * *
The lemure is burned by your cloak of flames.
The lemure is almost dead.
You closely miss the water moccasin zombie.
The water moccasin zombie is lightly damaged.
You closely miss the lemure. You hit Pikel. Pikel closely misses you.
The water moccasin zombie closely misses you.
The lemure hits you but does no damage.
The lemure is burned by your cloak of flames.
You kill the lemure!
That felt strangely unrewarding.
Pikel hits you but does no damage.
Pikel is burned by your cloak of flames.
Pikel is heavily wounded.
You barely miss the water moccasin zombie.
The water moccasin zombie is lightly damaged.
You hit Pikel but do no damage. The water moccasin zombie bites you.
* * * LOW HITPOINT WARNING * * *
The water moccasin zombie is burned by your cloak of flames.
The water moccasin zombie is moderately damaged.
Pikel hits you but does no damage.
You hit the water moccasin zombie.
The water moccasin zombie is moderately damaged.
You hit Pikel but do no damage. The water moccasin zombie bites you.
* * * LOW HITPOINT WARNING * * *
The water moccasin zombie is burned by your cloak of flames.
The water moccasin zombie is heavily damaged.
The water moccasin zombie bites you but does no damage.
The water moccasin zombie is burned by your cloak of flames.
The water moccasin zombie is heavily damaged.
Pikel says, "All the lords of Hell know my name!"
Pikel closely misses you.
The water moccasin zombie barely misses you.
Pikel hits you with a +2 whip of flaming!
You die...

################## #####
.........5K.##...###...#####
###.####.##@Z..#)....#......
..#........###...#####
###.######### ##.## #
########.# .........#
########.# #.# #.# #.#


You could see Pikel, a lemure and a water moccasin zombie.

Vanquished Creatures
  Duvessa (D:4)
  A sky beast (D:5)
  Pargi (Sewer)
  A black bear (D:5)
  An ogre (D:3)
  3 lemures (D:5)
  A scorpion (D:5)
  A water moccasin skeleton (D:5)
  Dowan (D:4)
  A bullfrog zombie (D:5)
  2 hounds (D:5)
  2 jellies (D:4)
  2 orc priests
  Crazy Yiuf (D:2)
  2 bullfrog skeletons
  A gnoll shaman (D:3)
  A scorpion zombie (D:5)
  3 orc wizards
  A hound skeleton (D:4)
  Robin (D:2)
  5 adders
  4 gnolls
  A river rat (D:3)
  An adder skeleton (D:4)
  2 dart slugs
  24 orcs
  7 ball pythons
  8 endoplasms
  6 giant cockroaches
  15 goblins
  9 hobgoblins
  3 iguanas (D:4)
  2 jackals (D:1)
  2 quokkas
  7 bats
  6 frilled lizards
  2 kobolds
  8 rats
140 creatures vanquished.

Vanquished Creatures (others)
  14 foxfires (D:2)
  4 plants (D:4)
18 creatures vanquished.

Grand Total: 158 creatures vanquished

Notes
Turn   | Place    | Note
-------+----------+-------------------------------------------
     0 | D:1      | demenzo the Minotaur Cinder Acolyte began the quest for the
                  | Orb.
     0 | D:1      | Reached XP level 1. HP: 19/19 MP: 1/1
   470 | D:1      | Found Osapeh's Antique Armour Emporium.
   474 | D:1      | Reached XP level 2. HP: 27/27 MP: 2/2
   535 | D:1      | Reached skill level 4 in Axes
   610 | D:1      | Reached skill level 1 in Armour
   897 | D:1      | Reached skill level 1 in Dodging
  1067 | D:1      | Reached XP level 3. HP: 33/33 MP: 3/3
  1428 | D:2      | Found a runed translucent door.
  1429 | D:2      | Noticed Crazy Yiuf
  1481 | D:2      | Noticed Robin
  1512 | D:2      | Killed Robin
  1514 | D:2      | Reached XP level 4. HP: 18/40 MP: 4/4
  2095 | D:2      | Reached skill level 5 in Axes
  2339 | D:2      | Killed Crazy Yiuf
  2340 | D:2      | Reached XP level 5. HP: 31/47 MP: 5/5
  2818 | D:3      | Found a glowing drain.
  2822 | Sewer    | Entered a sewer
  2843 | Sewer    | Noticed Pargi
  2850 | Sewer    | Killed Pargi
  3049 | D:3      | Reached XP level 6. HP: 55/55 MP: 6/6
  3755 | D:4      | Found a shimmering altar of Xom.
  3797 | D:4      | Noticed Duvessa
  3797 | D:4      | Noticed Dowan
  3806 | D:4      | Killed Dowan
  3807 | D:4      | Reached skill level 5 in Fighting
  3807 | D:4      | Reached skill level 6 in Axes
  3813 | D:4      | Killed Duvessa
  4244 | D:4      | Found a transporter.
  4249 | D:4      | Noticed an ice beast
  4249 | D:4      | Noticed an ice beast
  4249 | D:4      | Noticed an ice beast
  4451 | D:4      | Reached XP level 7. HP: 51/61 MP: 7/7
  4511 | D:4      | Found a transporter.
  4895 | D:3      | Reached skill level 7 in Axes
  5527 | D:5      | Entered Level 5 of the Dungeon
  6097 | D:5      | Reached XP level 8. HP: 70/70 MP: 8/8
  6132 | D:5      | Reached skill level 8 in Axes
  6295 | D:5      | Reached skill level 5 in Armour
  6581 | D:5      | Noticed Pikel
  6615 | D:5      | Slain by Pikel

Illustrated notes

Levels and vault maps discovered:
D:1:      matt_arrival_grand_opening, layout_loops_corners, serial_shops, shop
D:2:      layout_basic, minmay_pentomino_q4, uniq_robin, uniq_crazy_yiuf_cottage
D:3:      layout_loops_corners, gup_sewer_entry_bowl
D:4:      gammafunk_cloud_chamber, layout_loops_corners, dk_xom_monty_hall,
          serial_bayou, serial_bayou_shore_a, serial_bayou_ford_a,
          serial_bayou_shore_b, serial_bayou_lagoon_b, uniq_duvessa
D:5:      layout_loops_ring, uniq_pikel

Skill      XL: |  1  2  3  4  5  6  7  8 |
---------------+-------------------------+-----
Axes           | 4 5 6 7 8 |  8.5
Armour         | 1 2 3 4 5 |  5.2
Dodging        | 1 2 3 4 |  4.7
Fighting       | 4 5 6 |  6.5
Spellcasting   | |  1.0
Fire Magic     | |  2.1

Action                   |  1- 3 |  4- 6 |  7- 9 || total
-------------------------+-------+-------+-------++-------
Melee: Hand axe          |    68 |   134 |       ||   202
       Headbutt          |     9 |    22 |    32 ||    63
       Punch             |       |     3 |     1 ||     4
       War axe           |       |       |   152 ||   152
Invok: Fiery Armour      |     1 |     3 |     1 ||     5
       Foxfire Swarm     |     1 |       |       ||     1
  Use: Scroll            |       |     3 |       ||     3
Armor: Robe              |     6 |       |       ||     6
       Ring mail         |    25 |     9 |    54 ||    88
       Scale mail        |       |    55 |    25 ||    80
Dodge: Dodged            |    56 |    64 |    88 ||   208
